 Dungeon Crawl Stone Soup version 0.20.1-1-g8b1a95d (webtiles) character file.

113 leoctania the Magician (level 4, -7/24 HPs)
             Began as a Deep Elf Venom Mage on July 15, 2017.
             Mangled by an iguana (11 damage)
             ... on level 3 of the Dungeon.
             The game lasted 00:14:44 (1203 turns).

leoctania the Magician (Deep Elf Venom Mage)        Turns: 1203, Time: 00:14:44

Health: -7/24      AC:  3    Str:  5    XL:     4   Next: 65%
Magic:  5/12       EV: 13    Int: 26    God:
Gold:   136        SH:  0    Dex: 15    Spells: 3/12 levels left

rFire    + . .     SeeInvis .   s - +0 rapier
rCold    . . .     Gourm    .   (no shield)
rNeg     . . .     Faith    .   a - +1 robe
rPois    .         Spirit   .   (no helmet)
rElec    .         Reflect  .   (no cloak)
rCorr    .         Harm     .   (no gloves)
MR       .....                  (no boots)
Stlth    ++........             (no amulet)
Regen    0.1/turn               p - ring of protection from fire
MPRegen  0.2/turn               (no ring)

@: brilliant, about to teleport
A: no striking features
a: no special abilities


You were on level 3 of the Dungeon.
You were hungry.

You visited 1 branch of the dungeon, and saw 5 of its levels.

You collected 136 gold pieces.

Inventory:

Hand Weapons
 o - a +0 short sword
 s - a +0 rapier (weapon)
Missiles
 e - 2 javelins (quivered)
 j - 19 arrows
 r - 10 stones
Armour
 a - a +1 robe (worn)
 k - a +0 leather armour
 m - a +0 scale mail
Jewellery
 p - a ring of protection from fire (left hand)
Scrolls
 u - a scroll of identify
Potions
 f - a potion of agility {unknown}
 g - a potion of curing {unknown}
 i - a potion of resistance {unknown}
 l - 2 potions of haste {unknown}
 n - a potion of ambrosia {unknown}
Books
 b - a Young Poisoner's Handbook

   Spells                             Type                      Level
   a - Sting                          Conjuration/Poison           1
   b - Poisonous Vapours              Poison/Air                   2
   c - Mephitic Cloud                 Conjuration/Poison/Air       3
   d - Olgreb's Toxic Radiance        Poison                       4
   e - Venom Bolt                     Conjuration/Poison           5
 q - a book of Maledictions

   Spells                             Type                      Level
   a - Corona                         Hexes                        1
   b - Ensorcelled Hibernation        Hexes/Ice                    2
   c - Confuse                        Hexes                        3
   d - Tukima's Dance                 Hexes                        3
   e - Dazzling Spray                 Conjuration/Hexes            3
 t - a book of Geomancy

   Spells                             Type                      Level
   a - Sandblast                      Earth                        1
   b - Passwall                       Transmutation/Earth          2
   c - Stone Arrow                    Conjuration/Earth            3
   d - Petrify                        Transmutation/Earth          4
   e - Lee's Rapid Deconstruction     Earth                        5
Comestibles
 c - a bread ration
 h - 2 royal jellies


   Skills:
 + Level 2.6 Dodging
 + Level 2.4 Stealth
 + Level 0.5 Unarmed Combat
 + Level 4.6 Spellcasting
 + Level 2.5 Conjurations
 + Level 4.2 Poison Magic


You had 3 spell levels left.
You knew the following spells:

 Your Spells              Type           Power        Failure   Level  Hunger
a - Sting                 Conj/Pois      ####         1%          1    None
b - Poisonous Vapours     Pois/Air       ####..       1%          2    None
c - Mephitic Cloud        Conj/Pois/Air  ####....     1%          3    ##.....
d - Ensorcelled Hibernat  Hex/Ice        ###...       1%          2    None
e - Corona                Hex            ###....      1%          1    None


Dungeon Overview and Level Annotations

Branches:
Dungeon (5/15)
 Temple: D:4-7

Altars:
Xom


Message History

The sting hits the worker ant.
The worker ant appears unharmed.
The worker ant barely misses you. The iguana bites you!
As you read the scroll of teleportation, it crumbles to dust.
You feel strangely unstable. The worker ant barely misses you.
The iguana barely misses you.
It was a potion of brilliance.
You feel clever all of a sudden. The worker ant bites you.
* * * LOW HITPOINT WARNING * * *
The iguana closely misses you.
Casting: Sting
Confirm with . or Enter, or press ? or * to list all spells.
Aiming: Sting
Press: ? - help, Shift-Dir - straight line, f/p - worker ant
Aim: a worker ant The sting hits the worker ant.
The worker ant appears unharmed.
The worker ant bites you.
* * * LOW HITPOINT WARNING * * *
The iguana bites you!
You die... .########### ......a@l..# ##########.#

You could see an iguana and a worker ant.

Vanquished Creatures
  A howler monkey (D:4)
  A worker ant (D:5)
  An adder (D:5)
  2 dart slugs (D:1)
  2 leopard geckos (D:1)
  2 ball pythons (D:1)
  4 bats (D:1)
  2 giant cockroaches (D:1)
  4 goblins
  6 hobgoblins (D:1)
  5 kobolds
  4 frilled lizards
  2 rats
36 creatures vanquished.

Vanquished Creatures (others)
  A kobold (D:1)
1 creature vanquished.

Grand Total: 37 creatures vanquished

Notes
Turn   | Place    | Note
-------+----------+-------------------------------------------
     0 | D:1      | leoctania the Deep Elf Venom Mage began the quest for the Orb.
     0 | D:1      | Reached XP level 1. HP: 10/10 MP: 6/6
   214 | D:1      | Reached XP level 2. HP: 15/15 MP: 5/8
   530 | D:1      | Reached XP level 3. HP: 19/19 MP: 7/10
   737 | D:2      | Learned a level 2 spell: Poisonous Vapours
   741 | D:2      | Learned a level 3 spell: Mephitic Cloud
   744 | D:2      | Learned a level 2 spell: Ensorcelled Hibernation
   746 | D:2      | Learned a level 1 spell: Corona
   854 | D:2      | You fall through a shaft for 2 floors!
   855 | D:4      | Found a shimmering altar of Xom.
   868 | D:5      | Entered Level 5 of the Dungeon
   933 | D:5      | Reached XP level 4. HP: 12/24 MP: 9/12
  1091 | D:5      | Noticed a bullfrog
  1186 | D:4      | Noticed a phantom
  1203 | D:3      | Mangled by an iguana

Skill      XL: |  1  2  3 |
---------------+----------+-----
Spellcasting   | 4 |  4.6
Conjurations   | 2 |  2.5
Poison Magic   | 4 |  4.2
Dodging        | |  2.6
Stealth        | |  2.4
Unarmed Combat | |  0.5

Action                   |  1- 3 |  4- 6 || total
-------------------------+-------+-------++-------
Melee: Unarmed           |    26 |       ||    26
       Rapier            |     5 |     3 ||     8
       Short sword       |     2 |       ||     2
 Cast: Sting             |    60 |    12 ||    72
  Use: Scroll            |     6 |     1 ||     7
       Potion            |       |     1 ||     1
Armor: Robe              |     9 |       ||     9
Dodge: Dodged            |    30 |    13 ||    43
